 Dungeon Crawl Stone Soup version 0.19.5 (webtiles) character file.

166572 tognito the Warrior (level 17, -1/172 HPs)
             Began as a Minotaur Berserker on Mar 26, 2017.
             Was a High Priest of Trog.
             Slain by a nagaraja
             ... wielding a +0 flail
              (2 damage)
             ... on level 4 of the Snake Pit on Mar 27, 2017.
             The game lasted 01:56:37 (26708 turns).

tognito the Warrior (Minotaur Berserker)           Turns: 26708, Time: 01:56:37

Health: -1/172     AC: 31    Str: 39    XL:     17   Next: 30%
Magic:  7/16       EV: 14    Int:  7    God:    Trog [*****.]
Gold:   2936       SH:  0    Dex: 13    Spells: 0 memorised, 16 levels left

rFire  x . .     SeeInvis .     a - +7 battleaxe of Giwuh {venom, rN+ Int+3}
rCold  . . .     Gourm    .     P - +7 plate armour "Bog Moc" {Str+4 Dex-2}
rNeg   + + .     Faith    .     (shield currently unavailable)
rPois  +         Spirit   .     (helmet unavailable)
rElec  .         Reflect  .     K - +0 cloak of the Tormentor {rPois rCorr} (curse)
rCorr  +         Harm     .     J - +2 pair of gloves
MR     +++..                    R - +1 pair of boots
Stlth  ..........               l - amulet of regeneration
                                j - ring of Houzual {rPois rF- rN+ Dex+4}
                                C - +5 ring of strength

@: lethally poisoned (-1 -> -28), exhausted, about to teleport, regenerating,
slowed, constricted, very slow
A: retaliatory headbutt, horns 3, strong 1, subdued magic 1
a: Berserk, Trog's Hand, Brothers in Arms, Burn Spellbooks, Renounce Religion


You were on level 4 of the Snake Pit.
You worshipped Trog.
Trog was extremely pleased with you.
You were near starving.

You visited 4 branches of the dungeon, and saw 27 of its levels.
You also visited: Sewer and Ice Cave.

You collected 2936 gold pieces.

Inventory:

Hand Weapons
 a - the +7 battleaxe of Giwuh (weapon) {venom, rN+ Int+3}
   (Trog gifted it to you on level 15 of the Dungeon)

   It poisons the flesh of those it strikes.
   It affects your intelligence (+3).
   It protects you from negative energy.
 b - the +6 hand crossbow of Weatrafi {freeze, rElec Str+3}
   (You found it on level 2 of the Snake Pit)

   It causes projectiles fired from it to freeze those they strike, causing
   extra injury to most foes and up to half again as much damage against
   particularly susceptible opponents.
   They can also slow down cold-blooded creatures.
   It affects your strength (+3).
   It insulates you from electricity.
 U - the +8 broad axe "Cuamuar" {antimagic, -Tele rPois Int+4}
   (Trog gifted it to you on level 9 of the Dungeon)

   It reduces the magical energy of the wielder, and disrupts the spells and
   magical abilities of those hit.
   Natural abilities and divine invocations are not affected.
   It affects your intelligence (+4).
   It protects you from poison.
   It prevents most forms of teleportation.
 Z - a +5 antimagic executioner's axe
Missiles
 k - 315 bolts
Armour
 q - a +1 hat
 J - a +2 pair of gloves (worn)
 K - the cursed +0 cloak of the Tormentor (worn) {rPois rCorr}
   (You found it in an ice cave)

   It protects you from poison.
   It protects you from acid and corrosion.
   It has a curse placed upon it.
 P - the +7 plate armour "Bog Moc" (worn) {Str+4 Dex-2}
   (You found it in an ice cave)

   It affects your strength (+4).
   It affects your dexterity (-2).
 R - a +1 pair of boots (worn)
Jewellery
 g - an uncursed ring of see invisible
 i - an uncursed ring of flight
 j - the ring of Houzual (right hand) {rPois rF- rN+ Dex+4}
   (You found it on level 6 of the Lair of Beasts)

   [ring of poison resistance]

   It affects your dexterity (+4).
   It makes you vulnerable to fire.
   It protects you from poison.
   It protects you from negative energy.
 l - an amulet of regeneration (around neck)
 C - a +5 ring of strength (left hand)
 T - a +2 ring of evasion
Scrolls
 f - 3 scrolls of magic mapping
 m - a scroll of blinking
 p - 5 scrolls of identify
 t - 6 scrolls of enchant weapon
 v - 5 scrolls of enchant armour
 A - 5 scrolls of recharging
 E - 4 scrolls of teleportation
 G - 2 scrolls of fog
 Q - 7 scrolls of remove curse
 S - a scroll of brand weapon
Potions
 d - a potion of cancellation
 e - a potion of haste
 o - 2 potions of agility
 r - 12 potions of curing
 x - 3 potions of flight
 z - 2 potions of magic
 D - a potion of might
 F - 2 potions of ambrosia
 L - 4 potions of brilliance
 N - 2 potions of heal wounds
Miscellaneous
 s - a disc of storms
 y - a sack of spiders
 B - a crystal ball of energy
 X - a box of beasts
Comestibles
 c - 14 bread rations
 n - 25 beef jerkies
 w - 2 royal jellies
 H - 16 slices of pizza
 I - 15 meat rations
 O - 21 fruits


   Skills:
 * Level 20.6 Fighting
 * Level 20.6 Axes
 + Level 15.2 Armour
 + Level 13.9 Dodging


You had 16 spell levels left.
You didn't know any spells.

Dungeon Overview and Level Annotations

Branches:
Dungeon (15/15)            Temple (0/1) D:5            Lair (6/6) D:9
 Shoals (0/4) Lair:3        Snake (4/4) Lair:2        Slime (0/5) Lair:5
    Orc (2/2) D:11            Elf (0/3) Orc:2        Vaults (0/5) D:14
 Depths (0/5) D:15

Altars:
Ashenzari
Dithmenos
Elyvilon
Fedhas
Hepliaklqana
Kikubaaqudgha
Nemelex Xobeh
Qazlal
Ru
Vehumet
Xom
Yredelemnul
Beogh

Shops:
D:7 :   D:12 [   Orc:2 ([[(   Snake:2 [=   Snake:4 [


Innate Abilities, Weirdness & Mutations

You reflexively headbutt those who attack you in melee.
You have a pair of large horns on your head.
Your muscles are strong. (Str +2)
Your spells are a little easier to cast, but a little less powerful.


Message History

The naga sharpshooter casts a spell.
The naga sharpshooter magically shoots an arrow.
The arrow hits you but does no damage.
The naga sharpshooter casts a spell.
The naga sharpshooter magically shoots an arrow.
The arrow hits you!
* * * LOW HITPOINT WARNING * * *
The naga ritualist mumbles some strange words.
The naga ritualist begins to radiate toxic energy.
The naga sharpshooter spits poison at you.
The splash of poison hits you!
You are more poisoned.
You resist.
The naga sharpshooter casts a spell.
The naga sharpshooter magically shoots an arrow.
The arrow hits you!
* * * LOW HITPOINT WARNING * * *
The nagaraja completely misses you. You furiously retaliate!
You headbutt the nagaraja! The nagaraja grabs you.
You die... #. ....... ....... #. ...#............. #. ................. #. .N...........(.$. #.
N..........#..... #. .NN..NN#.N.(..... #. #.N.N#NN.NN.NN#.. #. #.N.N@NNNNN.N..

#. ##...NNNN)###. #.
##..#...)))..## #. .
#.......).)...## #.
.. #....#.....#..?..
#.
...#.............#..
#. ................#
. . #.............#
. #####...##...####
.


You could see 2 naga warriors, 3 nagarajas, 5 naga sharpshooters, a salamander
mystic, 2 salamanders, 5 naga ritualists, 6 naga magi and 3 nagas.

Vanquished Creatures
  Bai Suzhen (Snake:4)
  A sphinx (D:11)
  2 tengu reavers (D:11)
  A frost giant (D:11)
  2 nagarajas (Snake:4)
  2 orc warlords (D:11)
  A stone giant (Orc:2)
  2 dire elephants
  Azrael (D:15)
  An ettin (D:11)
  A yaktaur captain (D:11)
  3 hydras
  Erolcha (D:11)
  A vault guard (D:14)
  Erica (D:8)
  8 anacondas
  5 centaur warriors
  4 naga warriors
  The ghost of Exporg the Slicer, a novice MiFi of Trog (D:11)
  3 death yaks (Lair:6)
  4 naga sharpshooters
  3 orc high priests
  Sonja (D:14)
  4 shock serpents
  2 salamander mystics (Snake:3)
  The ghost of execc the Archer, a novice HEHu of Okawaru (D:8)
  7 naga ritualists
  A flayed ghost (D:11)
  An unseen horror (D:11)
  5 orc knights
  An orange crystal statue (D:8)
  7 hill giants
  9 mana vipers
  4 orc sorcerers (Orc:2)
  2 wolf spiders
  8 salamanders
  9 cyclopes
  2 deep elf magi
  17 ugly things
  2 manticores (D:15)
  27 black mambas
  3 guardian serpents
  3 ice statues
  6 elephants (Lair:4)
  16 spiny frogs
  18 naga magi
  3 komodo dragons
  2 rime drakes
  4 yaktaurs
  A freezing wraith (D:15)
  3 efreet
  A tengu conjurer (D:15)
  4 trolls
  7 hornets
  5 two-headed ogres
  9 hippogriffs
  3 raiju (Lair:6)
  18 slime creatures
  A snapping turtle (Lair:3)
  4 dream sheep (Lair:6)
  8 polar bears (Lair:6)
  15 blink frogs
  2 redbacks (Lair:6)
  35 yaks
  A yak (shapeshifter) (D:11)
  4 basilisks
  A wraith (D:11)
  9 wyverns
  5 hungry ghosts
  6 fire elementals (D:15)
  A human (D:10)
  2 vampire mosquitoes (D:15)
  A basilisk (shapeshifter) (D:14)
  3 hogs (D:10)
  2 steam dragons
  47 nagas
  2 mottled dragons
  12 wargs
  2 soldier ants
  5 hell hounds
  6 porcupines
  The ghost of BunnyWarlock the Covert, an amateur SpAs (D:4)
  22 water moccasins
  11 ice beasts
  39 orc warriors
  3 sky beasts
  Purgy (Sewer)
  14 black bears
  6 phantoms
  16 centaurs
  11 ogres
  21 wolves
  15 crocodiles
  A gnoll sergeant (D:5)
  20 bullfrogs
  2 wyvern zombies
  A wyvern skeleton (D:11)
  3 killer bees (D:8)
  3 scorpions
  9 wights
  3 howler monkeys
  5 crimson imps
  A bullfrog zombie (D:10)
  27 orc priests
  2 quasits
  7 centaur zombies
  3 jellies
  2 bullfrog skeletons
  2 centaur skeletons
  18 hounds
  17 worker ants
  24 orc wizards
  2 iguanas
  5 hell rats (Lair:3)
  2 hound skeletons
  A worker ant zombie (D:9)
  5 gnolls (D:5)
  A howler monkey skeleton (D:5)
  30 adders
  3 shadow imps
  12 white imps (Lair:1)
  2 oozes
  3 adder zombies
  A worm (D:3)
  3 dart slugs
  5 leopard geckos
  141 orcs
  8 bats
  8 giant cockroaches
  2 gnoll zombies (D:9)
  8 goblins
  8 hobgoblins
  4 jackals
  5 kobolds (D:2)
  7 quokkas
  3 ball pythons
  10 frilled lizards
  A leopard gecko zombie (D:9)
  8 rats
  2 fungi
  3 plants (Lair:6)
1042 creatures vanquished.

Vanquished Creatures (collateral kills)
  A nagaraja (Snake:4)
  An orc warlord (Orc:2)
  3 hydras
  7 vault guards (D:14)
  The ghost of Frank the Basher, a journeyman GrGl of the Shining One (D:12)
  A naga warrior (Snake:4)
  A death knight (D:13)
  3 ugly things (D:14)
  2 slime creatures (D:15)
  A spiny frog (Lair:1)
  2 dream sheep (Lair:6)
  A meliai zombie (D:13)
  2 hell hounds (Lair:6)
  3 orc warriors
  A black bear (Lair:6)
  An ice beast (IceCv)
  2 wolves (Lair:6)
  A hound (Lair:6)
  2 jellies (Lair:5)
  2 oozes (Lair:5)
  4 orcs
42 creatures vanquished.

Vanquished Creatures (others)
  An unseen horror (D:11)
  An orc warrior (Orc:2)
  A bush (Lair:6)
  17 fungi
  34 plants (Lair:6)
54 creatures vanquished.

Grand Total: 1138 creatures vanquished

Notes
Turn   | Place    | Note
-------+----------+-------------------------------------------
     0 | D:1      | tognito the Minotaur Berserker began the quest for the Orb.
     0 | D:1      | Reached XP level 1. HP: 19/19 MP: 0/0
   217 | D:1      | Reached XP level 2. HP: 24/27 MP: 1/1
   654 | D:2      | Reached ** piety under Trog
   676 | D:2      | Reached XP level 3. HP: 33/33 MP: 2/2
   957 | D:2      | Reached XP level 4. HP: 41/41 MP: 3/3
  1185 | D:2      | Reached skill level 5 in Fighting
  1205 | D:2      | Found a faded altar of an unknown god.
  1263 | D:2      | Found a sparkling altar of Nemelex Xobeh.
  1407 | D:3      | Found a sparkling altar of Nemelex Xobeh.
  1430 | D:3      | Reached *** piety under Trog
  1444 | D:3      | Found a hazy altar of Hepliaklqana.
  1446 | D:3      | Found a sacrificial altar of Ru.
  1463 | D:3      | Found a shattered altar of Ashenzari.
  1709 | D:3      | Found a shimmering altar of Xom.
  1718 | D:3      | Found a radiant altar of Vehumet.
  2187 | D:4      | Reached XP level 5. HP: 48/48 MP: 4/4
  2195 | D:4      | Reached skill level 5 in Axes
  2326 | D:4      | Noticed BunnyWarlock's ghost (amateur SpAs)
  2345 | D:4      | Killed BunnyWarlock's ghost
  2375 | D:4      | Noticed an ogre
  2380 | D:4      | Killed an ogre
  2380 | D:4      | Reached XP level 6. HP: 4/57 MP: 5/5
  2765 | D:4      | Found an ancient bone altar of Kikubaaqudgha.
  3003 | D:4      | Reached XP level 7. HP: 64/64 MP: 6/6
  3025 | D:4      | Found a blossoming altar of Fedhas.
  3313 | D:5      | Entered Level 5 of the Dungeon
  3574 | D:5      | Found a staircase to the Ecumenical Temple.
  3663 | D:5      | Found a glowing drain.
  3678 | D:5      | Reached **** piety under Trog
  3688 | Sewer    | Entered a sewer
  3775 | Sewer    | Noticed Purgy
  3784 | Sewer    | Killed Purgy
  3784 | Sewer    | Reached XP level 8. HP: 66/74 MP: 7/7
  4216 | D:6      | Reached skill level 5 in Dodging
  4308 | D:6      | Reached skill level 5 in Armour
  4751 | D:7      | Got a bloodstained chain mail
  4925 | D:7      | Identified the +1 chain mail "Paqu" {rPois rC+ rCorr} (You found it on level 7 of the Dungeon)
  5073 | D:7      | Reached XP level 9. HP: 83/83 MP: 8/8
  5165 | D:7      | Found Yzynan's Book Shoppe.
  5262 | D:7      | Reached ***** piety under Trog
  5676 | D:8      | Noticed execc's ghost (novice HEHu)
  5695 | D:8      | Killed execc's ghost
  5695 | D:8      | Reached skill level 10 in Fighting
  5726 | D:8      | Found a white marble altar of Elyvilon.
  5782 | D:8      | Reached skill level 10 in Axes
  5784 | D:8      | Noticed an ice statue
  5826 | D:8      | Killed an ice statue
  6015 | D:8      | Reached XP level 10. HP: 58/94 MP: 9/9
  6284 | D:8      | Noticed Erica
  6294 | D:8      | Killed Erica
  6416 | D:8      | Noticed an orange crystal statue
  6434 | D:8      | Killed an orange crystal statue
  6627 | D:9      | Received a gift from Trog
  6628 | D:9      | Got an ichor-stained broad axe {god gift}
  6629 | D:9      | Identified the +8 broad axe "Cuamuar" {antimagic, -Tele rPois Int+4} (Trog gifted it to you on level 9 of the Dungeon)
  6770 | D:9      | Found a staircase to the Lair.
  7517 | D:9      | Found a stormy altar of Qazlal.
  7584 | D:9      | Found a basalt altar of Yredelemnul.
  7724 | D:10     | Entered Level 10 of the Dungeon
  7803 | D:10     | Reached XP level 11. HP: 105/105 MP: 3/10
  7822 | D:10     | Noticed a hill giant
  7829 | D:10     | Killed a hill giant
  7926 | D:10     | Noticed a hill giant
  7934 | D:10     | Killed a hill giant
  8377 | D:11     | Noticed Erolcha
  8383 | D:11     | Killed Erolcha
  8481 | D:11     | Killed an unseen horror
  8681 | D:11     | Noticed an ettin
  8682 | D:11     | Noticed an orc warlord
  8691 | D:11     | Killed an ettin
  8697 | D:11     | Killed an orc warlord
  8704 | D:11     | Received a gift from Trog
  8810 | D:11     | Noticed a brown ugly thing
  8816 | D:11     | Killed a brown ugly thing
  8867 | D:11     | Reached skill level 10 in Armour
  8885 | D:11     | Noticed an orc knight
  8895 | D:11     | Reached XP level 12. HP: 81/116 MP: 3/11
  8979 | D:11     | Noticed a four-headed hydra
  8983 | D:11     | Killed a four-headed hydra
  9134 | D:11     | Noticed an orc warlord
  9134 | D:11     | Noticed a tengu reaver
  9134 | D:11     | Noticed a tengu reaver
  9135 | D:11     | Noticed a sphinx
  9135 | D:11     | Noticed a yaktaur captain
  9159 | D:11     | Killed a yaktaur captain
  9165 | D:11     | Killed a tengu reaver
  9169 | D:11     | Killed a tengu reaver
  9522 | D:11     | Found a staircase to the Orcish Mines.
  9595 | D:11     | Noticed Exporg's ghost (novice MiFi)
  9605 | D:11     | Killed Exporg's ghost
  9630 | D:11     | Reached skill level 15 in Fighting
  9871 | D:11     | Killed an orc warlord
  9871 | D:11     | Reached skill level 15 in Axes
 10109 | D:11     | Killed a sphinx
 10109 | D:11     | Reached XP level 13. HP: 109/127 MP: 4/12
 10119 | D:11     | Noticed a frost giant
 10129 | D:11     | Killed a frost giant
 10129 | D:11     | Reached skill level 10 in Dodging
 10466 | D:12     | Noticed Frank's ghost (journeyman GrGl)
 10472 | D:12     | Killed Frank's ghost
 10517 | D:12     | Found Nymneow's Armour Emporium.
 11091 | D:13     | Found a flagged portal.
 11180 | D:13     | Received a gift from Trog
 11405 | D:13     | Found a basalt altar of Yredelemnul.
 11936 | D:14     | Found a gate to the Vaults.
 12008 | D:14     | Found a roughly hewn altar of Beogh.
 12147 | D:14     | Found a shadowy altar of Dithmenos.
 12227 | D:14     | Noticed Sonja
 12248 | D:14     | Killed Sonja
 12331 | D:14     | HP: 6/130 [slime creature (4)]
 12657 | D:14     | Reached XP level 14. HP: 117/138 MP: 4/13
 12730 | D:14     | Received a gift from Trog
 12914 | D:15     | Entered Level 15 of the Dungeon
 13067 | D:15     | HP: 3/138 [acid (8)]
 13603 | Lair:1   | Entered Level 1 of the Lair of Beasts
 14183 | Lair:1   | Found a frozen archway.
 14192 | IceCv    | Entered an ice cave
 14207 | IceCv    | Got an ancient cloak
 14218 | IceCv    | Identified the cursed +0 cloak of the Tormentor {rPois rCorr} (You found it in an ice cave)
 14265 | IceCv    | Got a jewelled plate armour
 14718 | Lair:2   | Identified the +7 plate armour "Bog Moc" {Str+4 Dex-2} (You found it in an ice cave)
 14742 | Lair:2   | Received a gift from Trog
 14758 | Lair:2   | Found a staircase to the Snake Pit.
 15657 | Lair:3   | Received a gift from Trog
 16292 | Lair:3   | Found a staircase to the Shoals.
 17311 | Lair:5   | Found a staircase to the Slime Pits.
 17318 | Lair:5   | Received a gift from Trog
 17431 | Lair:5   | Reached XP level 15. HP: 149/149 MP: 4/14
 17751 | Lair:6   | Entered Level 6 of the Lair of Beasts
 18070 | Lair:6   | Received a gift from Trog
 18286 | Lair:6   | Got a sparkling golden ring
 18287 | Lair:6   | Identified the ring of Houzual {rPois rF- rN+ Dex+4} (You found it on level 6 of the Lair of Beasts)
 18599 | Lair:6   | Received a gift from Trog
 19908 | D:15     | Noticed Azrael
 19915 | D:15     | Killed Azrael
 20204 | D:15     | Found a staircase to the Depths.
 20393 | D:15     | Received a gift from Trog
 20405 | D:15     | Got a bloodstained battleaxe {god gift}
 20406 | D:15     | Identified the +7 battleaxe of Giwuh {venom, rN+ Int+3} (Trog gifted it to you on level 15 of the Dungeon)
 20479 | D:15     | Found a shadowy altar of Dithmenos.
 20957 | Orc:1    | Entered Level 1 of the Orcish Mines
 20962 | Orc:1    | Reached XP level 16. HP: 160/160 MP: 15/15
 20974 | Orc:1    | Found a radiant altar of Vehumet.
 21398 | Orc:2    | Entered Level 2 of the Orcish Mines
 21427 | Orc:2    | Found a staircase to the Elven Halls.
 21477 | Orc:2    | Paralysed by an orc sorcerer for 5 turns
 21661 | Orc:2    | Found a roughly hewn altar of Beogh.
 21684 | Orc:2    | Found Zitwidgh's Weapon Boutique.
 21920 | Orc:2    | Received a gift from Trog
 21948 | Orc:2    | Found Ubafe's Antique Armour Emporium.
 21949 | Orc:2    | Found a roughly hewn altar of Beogh.
 21951 | Orc:2    | Found Jywkorar's Antique Weapon Shoppe.
 22102 | Orc:2    | Found a roughly hewn altar of Beogh.
 22122 | Orc:2    | Found a roughly hewn altar of Beogh.
 22239 | Orc:2    | Found a roughly hewn altar of Beogh.
 22412 | Orc:2    | Found a roughly hewn altar of Beogh.
 22424 | Orc:2    | Found Moyfro's Antique Armour Shoppe.
 23168 | Snake:1  | Entered Level 1 of the Snake Pit
 23670 | Snake:1  | You fall through a shaft!
 23779 | Snake:1  | Received a gift from Trog
 24221 | Snake:2  | Found Ololeh's Antique Armour Emporium.
 24340 | Snake:2  | Found Goecem's Jewellery Shoppe.
 24578 | Snake:2  | Got a scorched hand crossbow
 24579 | Snake:2  | Identified the +6 hand crossbow of Weatrafi {freeze, rElec Str+3} (You found it on level 2 of the Snake Pit)
 25939 | Snake:4  | Entered Level 4 of the Snake Pit
 26013 | Snake:4  | Received a gift from Trog
 26109 | Snake:4  | Gained mutation: Your spells are a little easier to cast, but a little less powerful. [potion of mutation]
 26109 | Snake:4  | Gained mutation: You have a pair of large horns on your head. [potion of mutation]
 26109 | Snake:4  | Gained mutation: Your muscles are strong. (Str +2) [potion of mutation]
 26185 | Snake:4  | Found Ykiaxoha's Antique Armour Shop.
 26344 | Snake:4  | Noticed Bai Suzhen
 26353 | Snake:4  | Killed Bai Suzhen
 26353 | Snake:4  | Reached XP level 17. HP: 150/170 MP: 5/16
 26523 | Snake:4  | Reached skill level 15 in Armour
 26700 | Snake:4  | Received a gift from Trog
 26708 | Snake:4  | HP: 1/172 [naga sharpshooter/arrow (16)]
 26708 | Snake:4  | Slain by a nagaraja

Skill      XL: |  1  2  3  4  5  6  7  8  9 10 11 12 13 14 15 16 17 |
---------------+----------------------------------------------------+-----
Axes           | 4 5 7 8 10 11 13 15 16 17 19 20 | 20.6
Fighting       | 4 5 6 7 9 10 12 13 15 16 17 19 20 | 20.6
Dodging        | 3 4 5 6 7 8 9 10 11 12 13 | 13.9
Armour         | 3 4 5 7 8 10 11 12 13 14 15 | 15.2

Action                   |  1- 3 |  4- 6 |  7- 9 | 10-12 | 13-15 | 16-18 || total
-------------------------+-------+-------+-------+-------+-------+-------++-------
Melee: Hand axe          |    85 |   108 |       |       |       |       ||   193
       Headbutt          |    13 |    18 |    38 |    76 |   219 |    90 ||   454
       War axe           |       |    19 |   236 |    56 |       |       ||   311
       Broad axe         |       |       |       |   270 |   768 |       ||  1038
       Battleaxe         |       |       |       |       |    58 |   343 ||   401
       Executioner's axe |       |       |       |       |       |    33 ||    33
 Fire: Shortbow          |       |       |    62 |   143 |       |       ||   205
       Arbalest          |       |       |       |    30 |   313 |    77 ||   420
       Hand crossbow     |       |       |       |       |       |   110 ||   110
Throw: Javelin           |     2 |    15 |       |       |       |       ||    17
Invok: Burn Spellbooks   |       |     1 |     1 |     1 |     4 |     2 ||     9
       Trog's Hand       |       |     1 |     1 |     3 |     3 |     3 ||    11
       Berserk           |       |       |     1 |     4 |     2 |     2 ||     9
       Brothers in Arms  |       |       |       |     2 |    12 |     2 ||    16
  Use: Potion            |     4 |     3 |     5 |     2 |     4 |     1 ||    19
       Scroll            |     4 |     5 |     6 |     5 |    11 |     4 ||    35
  Eat: Chunk             |       |     7 |    11 |    17 |    40 |    20 ||    95
       Beef jerky        |       |       |     1 |     1 |       |       ||     2
       Fruit             |       |       |     1 |       |     1 |     1 ||     3
       Bread ration      |       |       |     1 |       |       |       ||     1
       Royal jelly       |       |       |       |       |     2 |       ||     2
Armor: Ring mail         |    22 |       |       |       |       |       ||    22
       Animal skin       |     2 |       |       |       |       |       ||     2
       Scale mail        |    10 |    39 |       |       |       |       ||    49
       Chain mail        |       |     8 |    58 |    78 |       |       ||   144
       Plate armour      |       |     4 |   129 |    86 |   541 |   230 ||   990
Dodge: Dodged            |    54 |    48 |   122 |   173 |   614 |   291 ||  1302
Block: Buckler           |    19 |    26 |    43 |       |       |       ||    88
